 Dungeon Crawl Stone Soup version 0.23-a0-644-gb60d84b (webtiles) character file.

429 Borgoz the Ruffian (level 6, 0/51 HPs)
             Began as a Ghoul Gladiator on Jan 1, 2019.
             Slain by a killer bee (4 damage)
             ... on level 3 of the Dungeon.
             The game lasted 00:03:48 (2601 turns).

Borgoz the Ruffian (Ghoul Gladiator)                Turns: 2601, Time: 00:03:49

Health: 0/51       AC:  4    Str: 18    XL:     6   Next: 98%
Magic:  5/5        EV: 13    Int:  3    God:
Gold:   150        SH:  0    Dex: 12    Spells: 5/5 levels left

rFire    . . .     SeeInvis .     - Unarmed
rCold    + . .     Gourm    .   (no shield)
rNeg     + + +     Faith    .   m - +0 leather armour (curse)
rPois    ∞         Spirit   .   b - +0 helmet
rElec    .         Reflect  .   (no cloak)
rCorr    .         Harm     .   (no gloves)
MR       .....                  (no boots)
Stlth    +.........             (no amulet)
HPRegen  0.00/turn              (no ring)
MPRegen  0.09/turn              (no ring)

@: rotting
A: rotting body, claws 1, carnivore, cold resistance 1, negative energy
resistance 3, inhibited regeneration, torment resistance, unbreathing
a: no special abilities


You were on level 3 of the Dungeon.
You were not hungry.

You visited 1 branch of the dungeon, and saw 4 of its levels.

You collected 150 gold pieces.

Inventory:

Missiles
 c - 3 throwing nets (quivered)
Armour
 b - a +0 helmet (worn)
 l - a +0 ring mail
 m - a cursed +0 leather armour (worn)
Scrolls
 e - 4 scrolls of teleportation {unknown}
 f - a scroll of remove curse {unknown}
 i - 2 scrolls of enchant armour {unknown}
 j - 3 scrolls of identify {unknown}
 n - a scroll of fear {unknown}
Potions
 a - a potion of haste {unknown}
 k - a potion of lignification {unknown}
Comestibles
 d - 6 rations


   Skills:
 + Level 3.2 Fighting
 - Level 1.7 Throwing
 + Level 2.4 Armour
 + Level 3.8 Dodging
 + Level 6.3 Unarmed Combat


You had 5 spell levels left.
You didn't know any spells.
Your spell library was empty.

Dungeon Overview and Level Annotations

Branches:
Dungeon (4/15)
 Temple: D:4-7

Altars:
Uskayaw

Annotations:
D:3 1 runed door, Leeroy's ghost, amateur DrSk


Innate Abilities, Weirdness & Mutations

Your body is rotting away.
You thrive on raw meat.
You are immune to poison.
You have sharp fingernails.
You are carnivorous and can eat meat at any time.
Your flesh is cold resistant. (rC+)
You are immune to negative energy. (rN+++)
You do not regenerate when monsters are visible.
You are immune to unholy pain and torment.
You can survive without breathing.


Message History

You closely miss the killer bee.
The killer bee is heavily wounded.
The killer bee closely misses you. The killer bee stings you.
* * * LOW HITPOINT WARNING * * *
You claw the killer bee!
The killer bee is almost dead.
The killer bee closely misses you.
You barely miss the killer bee.
The killer bee is almost dead.
The killer bee stings you.
* * * LOW HITPOINT WARNING * * *
The killer bee closely misses you.
You barely miss the killer bee.
The killer bee is almost dead.
The killer bee closely misses you. The killer bee stings you.
* * * LOW HITPOINT WARNING * * *
You scratch the killer bee but do no damage.
The killer bee is almost dead.
The killer bee closely misses you. The killer bee stings you.
You die...

### ### ##############.###
#.#
#..............#.#####.#
#.############.#.......#
#.# #.#.#####.# #.# #.#.#
#.# #.# #.#.# #.#
##.############.#.#####.###
.............)..@y........#
##.######'#####.#.#####.#.#
##(# #.........#.# #.#.#
...# #.........#.# #.#.#
#######.........#.# #.#.#
................#.# #.#.#
#######........##.# #.#.#
#........##.#####.#.#
#........##.........#


You could see a killer bee.

Vanquished Creatures
  Grinder (D:3)
  An orc warrior (D:2)
  A killer bee (D:4)
  2 adders
  3 worms
  A leopard gecko (D:1)
  4 orcs (D:2)
  3 bats
  3 giant cockroaches
  5 goblins
  5 hobgoblins
  3 quokkas
  4 frilled lizards (D:1)
  7 kobolds
  7 rats
50 creatures vanquished.

Notes
Turn   | Place    | Note
-------+----------+-------------------------------------------
     0 | D:1      | Borgoz the Ghoul Gladiator began the quest for the Orb.
     0 | D:1      | Reached XP level 1. HP: 17/17 MP: 0/0
   367 | D:1      | Reached XP level 2. HP: 25/25 MP: 1/1
   957 | D:2      | Reached XP level 3. HP: 12/30 MP: 2/2
   992 | D:2      | Reached skill level 4 in Unarmed Combat
  1060 | D:2      | Noticed an orc warrior
  1074 | D:2      | Killed an orc warrior
  1074 | D:2      | Reached skill level 1 in Armour
  1074 | D:2      | Reached XP level 4. HP: 9/37 MP: 3/3
  1074 | D:2      | Reached XP level 5. HP: 10/44 MP: 4/4
  1119 | D:2      | Reached skill level 5 in Unarmed Combat
  1439 | D:2      | Found a hide-covered altar of Uskayaw.
  2080 | D:3      | Found a faded altar of an unknown god.
  2099 | D:3      | Noticed Grinder
  2099 | D:3      | Paralysed by Grinder for 6 turns
  2111 | D:3      | Paralysed by Grinder for 3 turns
  2121 | D:3      | Paralysed by Grinder for 4 turns
  2127 | D:3      | Killed Grinder
  2127 | D:3      | Reached skill level 6 in Unarmed Combat
  2127 | D:3      | Reached XP level 6. HP: 25/51 MP: 5/5
  2421 | D:3      | Found a runed door.
  2426 | D:3      | Noticed Leeroy's ghost (amateur DrSk)
  2601 | D:3      | Slain by a killer bee

Vault maps used:
D:1:      dpeg_arrival_snail
D:2:      eat_drink_and_be_merry_uskayaw, grunt_ministairs_2, st_stairs_13
D:3:      ebering_ghost_reflecting_pool, chequers_ecumenical_altar_grove,
          uniq_grinder
D:4:      minmay_opposing_rooms, old_standard_altar, minivault_5

Skill      XL: |  1  2  3  4  5 |
---------------+----------------+-----
Dodging        | 3 |  3.8
Unarmed Combat | 4 6 |  6.3
Armour         | 1 2 |  2.4
Fighting       | 3 |  3.2
Throwing       | |  1.7

Action                   |  1- 3 |  4- 6 || total
-------------------------+-------+-------++-------
Melee: Unarmed           |    62 |   107 ||   169
       Punch             |     1 |     1 ||     2
  Use: Potion            |     1 |     3 ||     4
  Eat: Chunk             |     9 |    10 ||    19
Armor: Leather armour    |    20 |    10 ||    30
       Ring mail         |       |    13 ||    13
Dodge: Dodged            |    48 |    65 ||   113

Table legend:
 A = Non-vault XP
 B = Vault XP
 C = Vault XP percentage of total XP
 D = Non-vault monster count
 E = Vault monster count
 F = Vault count percentage of total count
                 A         B        C        D         E       F
            +---------+---------+-------+---------+---------+-------
      Total |     313 |     300 |  48.9 |      46 |       4 |   8.0
            +---------+---------+-------+---------+---------+-------
        D:1 |      27 |       0 |   0.0 |      16 |       0 |   0.0
        D:2 |     187 |       5 |   2.6 |      20 |       3 |  13.0
        D:3 |      33 |     295 |  89.9 |       9 |       1 |  10.0
        D:4 |      66 |       0 |   0.0 |       1 |       0 |   0.0
            +---------+---------+-------+---------+---------+-------
